 Dungeon Crawl Stone Soup version 0.25-a0-86-ga6f17ae7d4 (webtiles) character file.

Game seed: 10193198860330221311, levelgen mode: deterministic

595 D1HalberdGnoll the Poker (level 7, -1/54 HPs)
             Began as a Merfolk Skald on Nov 9, 2019.
             Slain by an ogre
             ... wielding a cursed -1 giant club
              (10 damage)
             ... while paralysed
             ... on level 4 of the Dungeon.
             The game lasted 00:09:50 (6872 turns).

D1HalberdGnoll the Poker (Merfolk Skald)            Turns: 6872, Time: 00:09:50

Health: -1/54      AC: 15    Str: 12    XL:     7   Next: 40%
Magic:  10/10      EV:  2    Int: 13    God:
Gold:   268        SH:  0    Dex: 14    Spells: 9/10 levels left

rFire    . . .     SeeInvis .   j - +3 dagger (speed)
rCold    . . .     Gourm    .   g - +0 shield
rNeg     . . .     Faith    .   i - +1 chain mail
rPois    .         Spirit   .   q - +1 helmet
rElec    .         Reflect  .   l - +0 cloak
rCorr    .         Harm     .   (no gloves)
MR       .....                  d - +2 pair of boots
Stlth    ..........             (no amulet)
HPRegen  0.18/turn              (no ring)
MPRegen  0.12/turn              (no ring)

@: paralysed, fainting
A: change form in water, swift swim, stealthy swim, fangs 1, sturdy frame 1
a: no special abilities


You were on level 4 of the Dungeon.
You were fainting.

You visited 1 branch of the dungeon, and saw 4 of its levels.

You collected 268 gold pieces.

Inventory:

Hand Weapons
 a - a +1 spear
 j - a +3 dagger of speed (weapon)
Armour
 d - a +2 pair of boots (worn)
 g - a +0 shield (worn)
 i - a +1 chain mail (worn)
 l - a +0 cloak (worn)
 q - a +1 helmet (worn)
Scrolls
 e - a scroll of noise
 f - a scroll of fog
 h - a scroll of enchant weapon
 k - a scroll of magic mapping
 m - 2 scrolls of enchant armour
 n - a scroll of identify
 o - 3 scrolls of remove curse
Potions
 c - a potion of agility
 p - 2 potions of might {unknown}


   Skills:
 + Level 4.3 Fighting
 * Level 7.7 Polearms
 - Level 0.6 Armour
 + Level 5.2 Dodging
 + Level 2.9 Shields
 - Level 2.0 Spellcasting
 - Level 3.2 Charms


You had 9 spell levels left.
You knew the following spells:

 Your Spells              Type           Power        Failure   Level  Hunger
a - Infusion              Chrm           #...         99%         1    ##.....

Your spell library contained the following spells:

 Spells                   Type           Power        Failure   Level  Hunger
 Shock                    Conj/Air       #...         100%        1    ##.....
 Shroud of Golubria       Chrm/Tloc      #.....       100%        2    ###....
 Song of Slaying          Chrm           #.......     100%        2    ###....
 Swiftness                Chrm/Air       #.......     100%        2    ###....
 Regeneration             Chrm/Necr      #.........   100%        3    ####...
 Spectral Weapon          Hex/Chrm       #.......     100%        3    ####...
 Static Discharge         Conj/Air       #.......     100%        3    ####...
 Airstrike                Air            #.........   100%        4    #####..
 Lightning Bolt           Conj/Air       #.........   100%        5    ######.


Dungeon Overview and Level Annotations

Branches:
Dungeon (4/15)
 Temple: D:4-7

Altars:
Yredelemnul


Innate Abilities, Weirdness & Mutations

You revert to your normal form in water.
You are very nimble and swift while swimming.
You are very stealthy in the water. (Stealth+)
You have very sharp teeth.
Your movements are slightly less encumbered by armour. (ER -2)


Message History

The white imp disappears in a puff of smoke!
There is an escape hatch in the ceiling here.
You're too hungry to rest.
You aren't carrying any food.
You are fainting from starvation!
An ogre comes into view. It is wielding a -1 giant club.
The ogre shouts!
You hit the ogre. You bite the ogre, but do no damage.
The ogre is lightly wounded.
The ogre hits you with a cursed -1 giant club!
* * * LOW HITPOINT WARNING * * *
You hit the ogre. You bite the ogre, but do no damage.
The ogre is lightly wounded.
You hit the ogre.
The ogre is moderately wounded.
You lose consciousness!
The ogre hits you but does no damage.
The ogre hits you but does no damage. x2
The ogre hits you with a cursed -1 giant club!
You die...

*.......#...............
*#...................#.#
*.......##.##........#.M
**#......#.##......##...
***.#....,#.....##........
*,.......###.......#..#.##
*,....##..............#...
**,,.#.....#......#.##...#
*,**#..#@.####..........#
*** ##,#O.# #......#.##.
**,,...# ##.....#....
*,,...## ##.)##..###
*,...## #...)..# *....,*
##.)#### ###..,* ####
##.** ***


You could see an ogre.

Vanquished Creatures
  Menkaure (D:4)
  Blork the orc (D:4)
  Natasha (twice) (D:4)
  3 orc wizards (D:3)
  A hound skeleton (D:4)
  Robin (D:3)
  3 gnolls
  10 adders
  An ooze (D:3)
  4 worms
  A dart slug (D:1)
  3 leopard geckos
  10 orcs (D:3)
  11 bats
  A giant cockroach (D:3)
  19 goblins
  14 hobgoblins
  12 jackals
  A quokka (D:3)
  2 frilled lizards (D:2)
  13 kobolds
  A quokka skeleton (D:4)
  8 rats
123 creatures vanquished.

Notes
Turn   | Place    | Note
-------+----------+-------------------------------------------
     0 | D:1      | D1HalberdGnoll the Merfolk Skald began the quest for the
                  | Orb.
     0 | D:1      | Reached XP level 1. HP: 16/16 MP: 3/3
   213 | D:1      | Reached XP level 2. HP: 23/23 MP: 5/5
   519 | D:1      | Reached skill level 4 in Polearms
   680 | D:1      | Reached XP level 3. HP: 19/28 MP: 6/6
  1430 | D:2      | Reached XP level 4. HP: 30/34 MP: 4/7
  1737 | D:2      | Reached skill level 5 in Polearms
  1737 | D:2      | Reached skill level 1 in Shields
  2627 | D:3      | Reached XP level 5. HP: 25/41 MP: 5/8
  3911 | D:3      | Reached skill level 6 in Polearms
  4247 | D:3      | Reached XP level 6. HP: 33/47 MP: 6/9
  4455 | D:3      | Found a basalt altar of Yredelemnul.
  4501 | D:3      | Gained mutation: You have very sharp teeth. [potion of
                  | mutation]
  4501 | D:3      | Gained mutation: You tend to lose your temper in combat.
                  | [potion of mutation]
  4501 | D:3      | Gained mutation: Your movements are slightly less
                  | encumbered by armour. (ER -2) [potion of mutation]
  4501 | D:3      | Lost mutation: You tend to lose your temper in combat.
                  | [potion of mutation]
  5439 | D:4      | Noticed Menkaure
  5472 | D:4      | HP: 1/48 [Menkaure/nerve-wracking pain (4)]
  5846 | D:4      | Noticed Robin
  6253 | D:3      | Killed Robin
  6290 | D:4      | HP: 1/48 [Menkaure (3)]
  6293 | D:4      | Killed Menkaure
  6293 | D:4      | Reached skill level 7 in Polearms
  6293 | D:4      | Reached XP level 7. HP: 1/54 MP: 10/10
  6587 | D:4      | Noticed Natasha
  6601 | D:4      | Killed Natasha
  6601 | D:4      | Reached skill level 5 in Dodging
  6611 | D:4      | Noticed Blork the orc
  6632 | D:4      | Killed Blork the orc
  6782 | D:4      | Noticed Natasha
  6831 | D:4      | Killed Natasha
  6868 | D:4      | Paralysed by fainting for 11 turns
  6872 | D:4      | Slain by an ogre

Levels and vault maps discovered:
D:1:      tarquinn_simple_flora_water_c, layout_loops_cross
D:2:      layout_rooms, corexii_item_surrounded_by_moat
D:3:      layout_basic, yredelemnul_altar_generic, grunt_ministairs_5
D:4:      layout_cave_pools, hangedman_decor_points, uniq_robin, uniq_menkaure,
          uniq_blork_the_orc, uniq_natasha

Skill      XL: |  1  2  3  4  5  6  7 |
---------------+----------------------+-----
Dodging        | 3 4 5 |  5.2
Polearms       | 4 5 6 7 |  7.7
Fighting       | 3 4 |  4.3
Shields        | 1 2 |  2.9
Armour         | |  0.6
Spellcasting   | |  2.0
Charms         | |  3.2

Action                   |  1- 3 |  4- 6 |  7- 9 || total
-------------------------+-------+-------+-------++-------
Melee: Spear             |   143 |   460 |       ||   603
       Dagger            |       |     9 |    93 ||   102
       Bite              |       |     6 |     8 ||    14
 Cast: Infusion          |     4 |    11 |       ||    15
  Use: Potion            |     1 |     5 |       ||     6
       Scroll            |       |     6 |       ||     6
 Stab: Sleeping          |       |     1 |       ||     1
  Eat: Ration            |     1 |     1 |       ||     2
       Chunk             |       |    11 |       ||    11
Armor: Leather armour    |    24 |    94 |       ||   118
       Chain mail        |       |    43 |    37 ||    80
Dodge: Dodged            |    72 |   156 |    10 ||   238
Block: Shield            |    21 |   149 |    20 ||   190

Table legend:
 A = Non-vault XP
 B = Vault XP
 C = Vault XP percentage of total XP
 D = Non-vault monster count
 E = Vault monster count
 F = Vault count percentage of total count
                 A         B        C        D         E       F
            +---------+---------+-------+---------+---------+-------
      Total |     530 |     320 |  37.6 |     107 |      16 |  13.0
            +---------+---------+-------+---------+---------+-------
        D:1 |      74 |       0 |   0.0 |      28 |       0 |   0.0
        D:2 |      95 |       0 |   0.0 |      28 |       0 |   0.0
        D:3 |     278 |      26 |   8.6 |      45 |       7 |  13.5
        D:4 |      83 |     294 |  78.0 |       6 |       9 |  60.0
            +---------+---------+-------+---------+---------+-------
